 Dungeon Crawl Stone Soup version 0.31-a0-1447-g87ca8d402b (webtiles) character file.

Game seed: 16145978558642513574

9088 BoomBoss the Grappler (level 11, -5/119 HPs)
             Began as a Troll Fighter on Dec 27, 2023.
             Was an Elder of Okawaru.
             Slain by a blink frog (13 damage)
             ... on level 1 of the Lair of Beasts.
             The game lasted 00:15:27 (8956 turns).

BoomBoss the Grappler (Troll Fighter)               Turns: 8956, Time: 00:15:28

Health: -5/119     AC: 17    Str: 30    XL:     11   Next: 18%
Magic:  10/10      EV:  8    Int:  4    God:    Okawaru [****..]
Gold:   460        SH:  7    Dex:  9    Spells: 10/10 levels left

rFire   + .          .
                       - Unarmed
rCold   . . .        b - +0 kite shield
rNeg    . . .        z - +3 acid dragon scales
rPois   +            (helmet restricted)
rElec   .            (no cloak)
rCorr   +            (gloves unavailable)
SInv    .            (boots unavailable)
Will    .....        r - amulet of regeneration
Stlth   +            p - +4 ring of protection
HPRegen 1.99/turn    i - ring "Tumifask" {rPois rF+}
MPRegen 0.12/turn

%: no passive effects
@: lethally poisoned (-5 -> -9), about to teleport
A: large, unfitting armour, claws 3, regeneration 1, shaggy fur 1, tough skin 1,
iridescent scales 1, noise suppression
a: Renounce Religion, Heroism, Finesse


You were on level 1 of the Lair of Beasts.
You worshipped Okawaru.
Okawaru was greatly pleased with you.
You visited 3 branches of the dungeon, and saw 11 of its levels.

You collected 460 gold pieces.

Inventory:

Hand Weapons
 G - a +0 demon whip of venom
Missiles
 d - 84 stones (quivered)
 e - 2 throwing nets
Armour
 a - a +0 robe
 b - a +0 kite shield (worn)
 x - a +1 cloak of stealth
 z - +3 acid dragon scales (worn)
Jewellery
 g - a ring of positive energy
 i - the ring "Tumifask" (right claw) {rPois rF+}
   (You found it on level 2 of the Dungeon)

   [ring of protection from fire]

   rF+:       It protects you from fire.
   rPois:     It protects you from poison
 p - a +4 ring of protection (left claw)
 r - an amulet of regeneration (around neck)
 s - a +6 ring of dexterity
 u - the amulet "Wyggior" {Spirit ^Drain rElec rPois Will++}
   (You acquired it on level 6 of the Dungeon)

   [amulet of guardian spirit]

   Spirit:    It causes incoming damage to be divided between your reserves of
   health and magic.
   rElec:     It insulates you from electricity.
   rPois:     It protects you from poison Will++: It greatly increases your
   willpower.
   ^Drain:    It drains your maximum health when unequipped.
 D - a ring of protection from fire
 F - a ring of magical power
Wands
 o - a wand of light (6)
 y - a wand of iceblast (4)
 B - a wand of digging (1)
Scrolls
 h - 5 scrolls of teleportation
 q - 2 scrolls of fog
 t - a scroll of vulnerability
 A - a scroll of identify
 C - a scroll of enchant weapon
 E - 2 scrolls of poison
Potions
 c - a potion of might
 j - 2 potions of mutation
 k - 4 potions of haste
 l - 2 potions of resistance
 m - 2 potions of attraction
 n - a potion of enlightenment
 v - a potion of magic
 w - a potion of lignification


   Skills:
 - Level 10.5 Fighting
 + Level 1.4 Armour
 - Level 2.4 Dodging
 + Level 3.2 Shields
 + Level 12.4 Unarmed Combat


You had 10 spell levels left.
You didn't know any spells.
Your spell library contained the following spells:

 Spells                   Type           Power      Damage    Failure   Level
 Shock                    Conj/Air       0%         1d3       78%         1
 Dazzling Flash           Conj/Hex       0%         N/A       98%         3
 Swiftness                Air            0%         N/A       98%         3
 Volatile Blastmotes      Fire/Tloc      0%         2d10      98%         3
 Airstrike                Air            0%         2d(0-16)  100%        4
 Fulminant Prism          Conj/Alch      0%         3d5       100%        4
 Iskenderun's Mystic Bla  Conj/Tloc      0%         2d3       100%        4
 Starburst                Conj/Fire      0%         6d3       100%        6
 Maxwell's Capacitive Co  Air            0%         ∞         100%        8
 Summon Small Mammal      Summ           Unusable   N/A       N/A         1
 Call Canine Familiar     Summ           Unusable   N/A       N/A         3
 Summon Blazeheart Golem  Fire/Summ      Unusable   N/A       N/A         4

Dungeon Overview and Level Annotations

Branches:
Dungeon (9/15)             Temple (1/1) D:4            Lair (1/5) D:9
    Orc: D:9-12

Altars:
Ashenzari
Cheibriados
Elyvilon
Fedhas
Hepliaklqana
Kikubaaqudgha
Makhleb
Nemelex Xobeh
Okawaru
Qazlal
Ru
Sif Muna
Trog
Uskayaw
Vehumet
Wu Jian
Xom
Yredelemnul
Zin
The Shining One


Innate Abilities, Weirdness & Mutations

You are too large for most types of armour.
You have claws for hands.
Your natural rate of healing is unusually fast.
You are covered in fur. (AC +1)
You have tough skin. (AC +1)
You are partially covered in iridescent scales. (AC +2)
You passively dampen the noise of your surroundings.


Message History

The black mamba bites you but does no damage.
The blink frog blinks!
The blink frog hits you but does no damage.
Unknown command.
Unknown command.
A bullfrog comes into view.
The black mamba bites you!
* * * LOW HITPOINT WARNING * * *
You are poisoned.
The black mamba poisons you! You block the blink frog's attack.
You mangle the bullfrog!!
You kill the bullfrog!
Okawaru accepts your kill.
You feel very sick. The black mamba barely misses you.
You block the blink frog's attack. The black mamba bites you.
* * * LOW HITPOINT WARNING * * *
You feel better. You block the black mamba's attack.
The blink frog blinks!
Unknown command.
As you read the scroll of teleportation, it crumbles to dust.
You feel strangely unstable. The black mamba bites you.
* * * LOW HITPOINT WARNING * * *
The black mamba barely misses you.
The cane toad stings you but does no damage.
The blink frog hits you but does no damage.
A water moccasin comes into view.
The water moccasin hisses angrily.
The blink frog attacks as it pursues you!
The blink frog hits you.
* * * LOW HITPOINT WARNING * * *
The blink frog blinks!
You block the black mamba's attack.
You see here a bullfrog corpse.
Unknown command.
The black mamba attacks as it pursues you!
The black mamba bites you.
* * * LOW HITPOINT WARNING * * *
You are poisoned.
The black mamba poisons you! The black mamba completely misses you.
The blink frog hits you!
You die...

..... .##.##
.....#.....###.
.P.#..#..#....#.......
##..+.............#.. .
.......S⌠...+.#.⌠... ...
....[.......# ..........
...P...F..#.#.#...#.#. #
#.@F....# ...F#.#
##.#S#######'###.###
#...FF...##...##....
........F...#.....#....
.............⌠.>F⌠.....
........................
.............##.⌠..#.###
...............####..#..
##......###### #...#..


You could see a black mamba, a cane toad, 4 blink frogs and a water moccasin.

Vanquished Creatures
  Amaemon (D:8)
  Pikel (D:8)
  Maurice (D:9)
  Maggie (D:7)
  An orange demon (D:8)
  2 trolls (D:9)
  2 hornets (D:9)
  2 dream sheep (D:9)
  2 shadows (D:9)
  8 yaks
  5 steam dragons
  Edmund (D:6)
  A water moccasin (D:9)
  An orc warrior (D:6)
  3 ice beasts
  3 black bears
  A sky beast (D:6)
  A centaur (D:8)
  A wolf (D:9)
  The ghost of NigelTetley the Slasher, an amateur DsGl (D:3)
  4 lemures (D:8)
  2 kobold brigands
  5 bullfrogs
  2 gnoll sergeants
  A scorpion (D:5)
  12 wights
  2 howler monkeys
  An electric eel (D:9)
  A crimson imp (D:6)
  A jelly (D:7)
  3 bombardier beetles
  6 hounds (D:9)
  4 quasits (D:3)
  4 orc priests
  A sleepcap (D:7)
  4 iguanas
  10 orc wizards
  10 gnolls
  8 adders
  A white imp (D:6)
  4 ufetubi
  3 dart slugs
  15 orcs
  10 bats
  9 endoplasms
  6 giant cockroaches
  5 goblins
  8 hobgoblins
  10 jackals
  3 quokkas (D:3)
  4 ball pythons
  6 frilled lizards
  12 kobolds
  8 rats
224 creatures vanquished.

Vanquished Creatures (others)
  2 kobolds (D:9)
2 creatures vanquished.

Grand Total: 226 creatures vanquished

Notes
Turn   | Place    | Note
-------+----------+-------------------------------------------
     0 | D:1      | BoomBoss the Troll Fighter began the quest for the Orb.
     0 | D:1      | Reached XP level 1. HP: 22/22 MP: 0/0
    71 | D:1      | Reached XP level 2. HP: 29/29 MP: 1/1
   562 | D:1      | Reached XP level 3. HP: 37/37 MP: 2/2
   857 | D:2      | Reached skill level 3 in Unarmed Combat
  1030 | D:2      | You fall into a shaft and drop 1 floor!
  1135 | D:2      | Identified the ring "Tumifask" {rPois rF+}
  1823 | D:3      | Reached XP level 4. HP: 42/45 MP: 3/3
  2131 | D:3      | Found a transporter.
  2134 | D:3      | Noticed NigelTetley's ghost (amateur DsGl)
  2498 | D:3      | Found a transporter.
  2755 | D:3      | Gained mutation: You passively dampen the noise of your
                  | surroundings. [potion of mutation]
  2755 | D:3      | Gained mutation: You are partially covered in iridescent
                  | scales. (AC +2) [potion of mutation]
  2761 | D:3      | Killed NigelTetley's ghost
  2762 | D:3      | Reached skill level 4 in Unarmed Combat
  2762 | D:3      | Reached XP level 5. HP: 54/54 MP: 4/4
  2784 | D:3      | Reached XP level 6. HP: 50/62 MP: 5/5
  3876 | D:3      | Reached skill level 5 in Unarmed Combat
  4481 | D:4      | Reached skill level 5 in Fighting
  4481 | D:4      | Reached XP level 7. HP: 70/72 MP: 6/6
  4576 | D:4      | Found a staircase to the Ecumenical Temple.
  4587 | Temple   | Entered the Ecumenical Temple
  4627 | Temple   | Became a worshipper of Warmaster Okawaru
  4680 | D:5      | Entered Level 5 of the Dungeon
  4844 | D:5      | Reached skill level 6 in Unarmed Combat
  5097 | D:5      | Found a broken altar of Ashenzari.
  5678 | D:6      | Reached * piety under Okawaru
  5679 | D:6      | Reached XP level 8. HP: 61/83 MP: 7/7
  5689 | D:6      | Reached skill level 7 in Unarmed Combat
  5777 | D:6      | Noticed Edmund
  5785 | D:6      | Killed Edmund
  5825 | D:6      | Reached skill level 8 in Unarmed Combat
  5851 | D:6      | Reached ** piety under Okawaru
  5938 | D:6      | Reached XP level 9. HP: 80/93 MP: 5/8
  6020 | D:6      | Identified a scroll of acquirement
  6020 | D:6      | Acquired the amulet "Wyggior" {Spirit ^Drain rElec rPois
                  | Will++}
  6046 | D:6      | Found a glowing golden altar of the Shining One.
  6133 | D:6      | Found a burning altar of Makhleb.
  6194 | D:6      | Found a stormy altar of Qazlal.
  6396 | D:7      | Reached skill level 9 in Unarmed Combat
  6485 | D:7      | Noticed Maggie
  6497 | D:7      | Killed Maggie
  6653 | D:7      | Found a sparkling altar of Nemelex Xobeh.
  6806 | D:7      | Reached skill level 10 in Unarmed Combat
  6960 | D:7      | Reached *** piety under Okawaru
  6969 | D:7      | Reached XP level 10. HP: 96/107 MP: 7/9
  7078 | D:8      | Identified the +5 flail "Efoemyam" {heavy, ^Drain Int+6
                  | Dex+3}
  7109 | D:8      | Noticed Pikel
  7154 | D:8      | Killed Pikel
  7236 | D:8      | Reached skill level 11 in Unarmed Combat
  7519 | D:8      | Noticed an orange demon
  7520 | D:8      | Noticed Amaemon
  7538 | D:8      | Killed Amaemon
  7540 | D:8      | Killed an orange demon
  7541 | D:8      | Reached skill level 10 in Fighting
  8122 | D:9      | Noticed Maurice
  8128 | D:9      | Killed Maurice
  8188 | D:9      | Reached skill level 12 in Unarmed Combat
  8191 | D:9      | Reached **** piety under Okawaru
  8214 | D:9      | Found a staircase to the Lair.
  8421 | D:9      | Reached XP level 11. HP: 119/119 MP: 10/10
  8657 | D:9      | Reached skill level 1 in Armour
  8681 | D:9      | Found the +5 robe of Night {Dark Will+ SInv}
  8913 | Lair:1   | Entered Level 1 of the Lair of Beasts
  8952 | Lair:1   | HP: 5/119 [black mamba (4)]
  8956 | Lair:1   | Slain by a blink frog

Illustrated notes

Levels and vault maps discovered:
D:1:      dpeg_arrival_rooms_with_view, layout_loops_ring, minmay_liquid_box
D:2:      layout_loops_corners, chequers_arboretum, minmay_misc_feat_tower
D:3:      layout_loops_ring, gammafunk_ghost_stat_death, kennysheep_boxes
D:4:      layout_loops_cross, minmay_temple_entry_statues_pillars,
          serial_co_window_serial, co_window_paths_a, co_window_corner_a,
          co_window_paths_b, co_window_paths_b, co_window_corner_a,
          co_window_broadway_b, co_window_of_opportunity_c,
          co_window_of_opportunity_b, co_window_2corner, co_window_4corner_b,
          co_window_4corner_a, glass_columns_b, glass_columns_a,
          glass_columns_b, glass_columns_a
D:5:      layout_cave_pods, nicolae_ashenzari_skybound,
          small_statue_intersection, supply_closet_lemuel
D:6:      layout_rooms, makhleb_grotto_becter, general_overflow_altar,
          nicolae_tso_carved_into_rock, st_stairs_9, uniq_edmund
D:7:      cheibrodos_steamvent, layout_cave_pools,
          mainiacjoe_overflow_concentric_impassable, nicolae_benzene_ring,
          uniq_maggie
D:8:      kennysheep_steamy, layout_basic, minmay_misc_feat_secret_circle,
          uniq_amaemon, uniq_pikel
D:9:      layout_loops_ring, erik_lair_island, hellmonk_guarded_unrand_night,
          uniq_maurice
Temple:   nicolae_temple_no_exploring_needed
Lair:1:   layout_regular_city, minivault_26, grunt_megastairs_1

Skill      XL: |  1  2  3  4  5  6  7  8  9 10 11 |
---------------+----------------------------------+-----
Fighting       | 3 4 5 6 7 9 10 | 10.5
Unarmed Combat | 3 4 5 6 8 10 12 | 12.4
Armour         | 1 |  1.4
Shields        | 3 |  3.2
Dodging        | |  2.4

Action                     |  1- 3 |  4- 6 |  7- 9 | 10-12 || total
---------------------------+-------+-------+-------+-------++-------
  Melee: Unarmed           |   131 |   182 |   259 |   159 ||   731
  Throw: Stone             |     3 |       |       |       ||     3
 Invoke: Heroism           |       |       |     5 |     9 ||    14
    Use: Scroll            |     3 |     4 |     5 |     9 ||    21
         Potion            |     1 |     4 |     1 |     2 ||     8
 Armour: Robe              |   101 |   261 |   159 |       ||   521
         Acid dragon scale |       |       |    14 |   193 ||   207
  Dodge: Dodged            |    57 |   133 |    76 |    70 ||   336
  Block: Kite shield       |    57 |   115 |    90 |    98 ||   360

Table legend: (Time is in decaauts)
 A = Elapsed time spent in this place.
 B = Non-inter-level travel time spent in this place.
 C = Inter-level travel time spent in this place.
 D = Time resting spent in this place.
 E = Time spent auto-exploring this place.
 F = Levels seen in this place.
 G = Mean time per level.
                   A        B        C        D        E       F      G
               +--------+--------+--------+--------+--------+-----+--------+
         Total |   8954 |   8616 |    338 |   1875 |   5033 |  11 |  814.0 |
       Dungeon |   8865 |   8535 |    330 |   1875 |   5033 |   9 |  985.0 |
        Temple |     47 |     40 |      7 |      0 |      0 |   1 |   47.0 |
          Lair |     41 |     41 |      0 |      0 |      0 |   1 |   41.0 |
               +--------+--------+--------+--------+--------+-----+--------+

Top non-repeatable levels by time:
     D:3: 2068 daAuts
     D:2: 1209 daAuts
     D:8: 1036 daAuts
     D:5: 968 daAuts
     D:1: 807 daAuts
     D:9: 791 daAuts
     D:6: 738 daAuts
     D:7: 663 daAuts
     D:4: 582 daAuts
  Temple: 47 daAuts
  Lair:1: 41 daAuts
